 Dungeon Crawl Stone Soup version 0.18.1-48-g4cf74bf (webtiles) character file.

63 Joat the Conjurer (level 3, -4/19 HPs)
             Began as a Deep Elf Conjurer on July 30, 2016.
             Slain by a gnoll
             ... wielding a +0 spear
              (9 damage)
             ... on level 2 of the Dungeon.
             The game lasted 00:09:26 (1452 turns).

Joat the Conjurer (Deep Elf Conjurer)               Turns: 1452, Time: 00:09:26

Health: -4/19      AC:  2    Str:  5    XL:     3   Next: 89%
Magic:  0/9        EV: 13    Int: 20    God:
Gold:   52         SH:  0    Dex: 15    Spells: 3 memorised, 2 levels left

rFire  . . .     SeeInvis .     g - +0 short sword
rCold  . . .     Gourm    .     a - +0 robe
rNeg   . . .     Faith    .     (no shield)
rPois  .         Spirit   .     (no helmet)
rElec  .         Dismiss  .     (no cloak)
rCorr  .         Reflect  .     (no gloves)
SustAt .         Harm     .     (no boots)
MR     .....                    (no amulet)
Stlth  ++........               (no ring)
                                (no ring)

@: not resistant to hostile enchantments, unstealthy
A: no striking features
a: no special abilities


You were on level 2 of the Dungeon.
You were hungry.

You visited 1 branch of the dungeon, and saw 2 of its levels.

You collected 52 gold pieces.

Inventory:

Hand Weapons
 g - a +0 short sword (weapon)
Missiles
 e - 37 sling bullets
 j - 17 stones (quivered)
Armour
 a - a +0 robe (worn)
Scrolls
 d - 2 scrolls of identify {unknown}
 h - a scroll of teleportation {unknown}
 l - a scroll of immolation {unknown}
 m - a scroll of amnesia {unknown}
Potions
 f - a potion of brilliance {unknown}
 k - a potion of magic {unknown}
 n - a potion of might {unknown}
Books
 b - a book of Conjurations

   Spells                             Type                      Level
   a - Magic Dart                     Conjuration                  1
   b - Searing Ray                    Conjuration                  2
   c - Dazzling Spray                 Conjuration/Hexes            3
   d - Fulminant Prism                Conjuration/Hexes            4
   e - Iskenderun's Mystic Blast      Conjuration                  4
   f - Iskenderun's Battlesphere      Conjuration/Charms           5
Comestibles
 c - a bread ration
 i - a chunk of flesh


   Skills:
 - Level 2.4 Dodging
 - Level 2.4 Stealth
 - Level 3.0 Spellcasting
 - Level 5.5 Conjurations
 + Level 2.5 Hexes


You had 2 spell levels left.
You knew the following spells:

 Your Spells              Type           Power        Failure   Level  Hunger
a - Magic Dart            Conj           ####         1%          1    None
b - Searing Ray           Conj           ####..       2%          2    ##.....
c - Dazzling Spray        Conj/Hex       ###...       10%         3    ###....


Dungeon Overview and Level Annotations

Branches:
Dungeon (2/15)

Altars:


Message History

There is a stone staircase leading up here.
The giant cockroach barely misses you.
Found a white potion.
A hobgoblin comes into view.
The giant cockroach barely misses you.
There is a stone staircase leading down here.
Found 28 stones.
Casting: Searing Ray
Confirm with . or Enter, or press ? or * to list all spells.
Aiming: Searing Ray
Press: ? - help, Shift-Dir - straight line, f - giant cockroach
Aim: a giant cockroach (clinging)
The searing ray hits the giant cockroach.
The giant cockroach is heavily wounded.
The hobgoblin shouts!
The giant cockroach barely misses you.
The searing ray hits the giant cockroach.
You kill the giant cockroach!
The gnoll hits you from afar with a spear!
You die...

#### ####### #..#
......( #..# .......
#..###### #!......
........## ###........
.........#####.....g...#
..............g##...#
...÷÷...<.....g†@.#
..........#########
..............
..........####
..........# .........##
..#.....## ######<...
#### ###..


You could see 2 gnolls and a hobgoblin.

Vanquished Creatures
  A gnoll (D:2)
  An adder (D:2)
  An ooze (D:2)
  A worm (D:1)
  2 giant geckos (D:2)
  4 bats
  A giant cockroach (D:2)
  4 goblins
  3 hobgoblins
  8 jackals
  2 kobolds (D:1)
  3 rats
31 creatures vanquished.

Notes
Turn   | Place    | Note
--------------------------------------------------------------
     0 | D:1      | Joat the Deep Elf Conjurer began the quest for the Orb.
     0 | D:1      | Reached XP level 1. HP: 10/10 MP: 6/6
   346 | D:1      | Reached skill level 5 in Conjurations
   346 | D:1      | Reached XP level 2. HP: 15/15 MP: 2/8
   350 | D:1      | Learned a level 2 spell: Searing Ray
   987 | D:1      | Reached XP level 3. HP: 3/19 MP: 0/9
  1366 | D:2      | Learned a level 3 spell: Dazzling Spray
  1415 | D:2      | Reached skill level 1 in Hexes
  1452 | D:2      | Slain by a gnoll

Skill      XL: |  1  2  3 |
---------------+----------+-----
Conjurations   | 5 |  5.5
Hexes          | 2 |  2.5
Dodging        | |  2.4
Stealth        | |  2.4
Spellcasting   | |  3.0

Action                   || total
-------------------------++-------
Melee: Unarmed           ||     4
       Short sword       ||    17
Throw: Stone             ||     1
 Cast: Magic Dart        ||    52
       Searing Ray       ||     4
  Eat: Chunk             ||     1
Armor: Robe              ||    13
Dodge: Dodged            ||    39
